 Dungeon Crawl Stone Soup version 0.29-a0-321-gf1c400731a (webtiles) character file.

Game seed: 2779746380398248670

105617 Dabor the Quickloader (level 16, -21/129 HPs)
             Began as a Gnoll Wanderer on Apr 4, 2022.
             Was a High Priest of the Shining One.
             Demolished by Aizul (29 damage)
             ... on level 2 of the Swamp on Apr 5, 2022.
             The game lasted 01:30:22 (38829 turns).

Dabor the Quickloader (Gnoll Wanderer)             Turns: 38829, Time: 01:30:22

Health: -21/129    AC: 16    Str: 20    XL:     16   Next: 41%
Magic:  21/31      EV:  2    Int: 24    God:    the Shining One [*****.]
Gold:   1577       SH:  0    Dex: 15    Spells: 11/38 levels left

rFire   . . .      SeeInvis +   a - +9 broad axe of Valiance {protect, Str+3}
rCold   + . .      Faith    .   j - +0 buckler
rNeg    + + .      Spirit   .   M - +1 ring mail of Buemea {Rampage rElec rCorr Int-3}
rPois   .          Reflect  .   O - +2 hat {Int+3}
rElec   +          Harm     .   e - +2 cloak
rCorr   +          Rampage  +   Q - +1 pair of gloves
Will    +....                   (no boots)
Stlth   ++........              C - amulet of magic regeneration
HPRegen 0.31/turn               q - ring of Bunycuz {rC+ Int+7 Stlth+}
MPRegen 0.62/turn               H - ring "Jyziep" {rCorr Str+4 SInv}

@: sleeping, glowing, studying Crossbows
A: fangs 1, strong nose, distributed training, antennae 1, strong 1
a: Renounce Religion, Divine Shield, Cleansing Flame, Summon Divine Warrior


You were on level 2 of the Swamp.
You worshipped the Shining One.
The Shining One was extremely pleased with you.
You visited 6 branches of the dungeon, and saw 25 of its levels.

You collected 2742 gold pieces.
You spent 1165 gold pieces at shops.

Inventory:

Hand Weapons
 a - the +9 broad axe of Valiance (weapon) {protect, Str+3}
   (You bought it in a shop on level 2 of the Orcish Mines)

   It grants its wielder temporary protection when it strikes (+7 to AC).
   Str:       It affects your strength (+3).
 z - the +8 spear "Ziro Agg" {flame, rF++ rC+}
   (You took it off an orc on level 3 of the Dungeon)

   It burns those it strikes, dealing additional fire damage.
   rF:        It greatly protects you from fire.
   rC:        It protects you from cold.
Missiles
 y - 12 poisoned darts (quivered)
 T - a curare-tipped dart
Armour
 e - a +2 cloak (worn)
 j - a +0 buckler (worn)
 J - a +2 ring mail of fire resistance
 M - the +1 ring mail of Buemea (worn) {Rampage rElec rCorr Int-3}
   (You found it on level 1 of the Swamp)

   Int:       It affects your intelligence (-3).
   rElec:     It insulates you from electricity.
   rCorr:     It protects you from acid and corrosion.
   Rampage:   It bestows one free step when moving towards enemies.
 O - a +2 hat of intelligence (worn)
 Q - a +1 pair of gloves (worn)
Magical Staves
 b - a staff of poison
Jewellery
 q - the ring of Bunycuz (left hand) {rC+ Int+7 Stlth+}
   (You bought it in a shop on level 11 of the Dungeon)

   [ring of protection from cold]

   Int:       It affects your intelligence (+7).
   rC:        It protects you from cold.
   Stlth:     It makes you more stealthy.
 C - an amulet of magic regeneration (around neck)
 H - the ring "Jyziep" (right hand) {rCorr Str+4 SInv}
   (You acquired it on level 1 of the Swamp)

   [ring of see invisible]

   Str:       It affects your strength (+4).
   SInv:      It lets you see invisible.
   rCorr:     It protects you from acid and corrosion.
 K - a ring of wizardry
 L - the ring "Quuhinot" {Will+ Dex+3}
   (You bought it in a shop on level 3 of the Dungeon)

   [ring of willpower]

   Dex:       It affects your dexterity (+3).
   Will:      It increases your willpower.
 N - a ring of poison resistance
 P - a ring of flight
Wands
 s - a wand of iceblast (28)
 t - a wand of paralysis (4)
 x - a wand of flame (24)
 B - a wand of polymorph (5)
 E - a wand of acid (8)
 G - a wand of digging (4)
 S - a wand of mindburst (5)
Scrolls
 d - a scroll of enchant armour
 f - a scroll of identify
 h - 3 scrolls of immolation
 i - 4 scrolls of enchant weapon
 k - 3 scrolls of fear
 m - 5 scrolls of fog
 p - 4 scrolls of holy word
 r - 7 scrolls of vulnerability
 u - 11 scrolls of teleportation
 D - a scroll of silence
 I - 4 scrolls of amnesia
 R - 2 scrolls of magic mapping
Potions
 c - 7 potions of lignification
 g - 6 potions of flight
 l - 4 potions of mutation
 n - 4 potions of cancellation
 o - 2 potions of might
 v - 3 potions of brilliance
 F - 2 potions of curing
 X - a potion of haste


   Skills:
 + Level 12.6 Fighting
 + Level 10.9 Short Blades
 + Level 10.9 Long Blades
 + Level 10.9 Axes
 + Level 10.9 Maces & Flails
 + Level 10.9 Polearms
 + Level 10.9 Staves
 + Level 10.9 Slings
 + Level 10.9 Bows
 + Level 13.9 Crossbows
 + Level 11.8 Throwing
 + Level 11.2 Armour
 + Level 10.9 Dodging
 + Level 10.9 Stealth
 + Level 10.9 Shields
 + Level 10.9 Unarmed Combat
 + Level 11.9 Spellcasting
 + Level 10.0 Conjurations
 + Level 9.1 Hexes
 + Level 9.1 Summonings
 + Level 9.1 Necromancy
 + Level 9.1 Translocations
 + Level 9.1 Transmutations
 + Level 9.1 Fire Magic
 + Level 9.1 Ice Magic
 + Level 9.1 Air Magic
 + Level 9.1 Earth Magic
 + Level 9.1 Poison Magic
 + Level 11.8 Invocations
 + Level 10.9 Evocations


You had 11 spell levels left.
You knew the following spells:

 Your Spells              Type           Power      Damage    Failure   Level
a - Magic Dart            Conj           100%       1d8       1%          1
b - Confusing Touch       Hex            55%        N/A       1%          3
c - Iskenderun's Mystic   Conj/Tloc      57%        2d12      1%          4
e - Swiftness             Air            55%        N/A       1%          3
f - Olgreb's Toxic Radia  Pois           55%        N/A       1%          4
g - Yara's Violent Unrav  Hex/Tmut       27%        3d12      4%          5
h - Passwall              Tmut/Erth      45%        N/A       1%          2
i - Alistair's Intoxicat  Tmut/Pois      36%        N/A       4%          5

Your spell library contained the following spells:

 Spells                   Type           Power      Damage    Failure   Level
 Apportation              Tloc           100%       N/A       1%          1
 Pain                     Necr           100%       1d9       1%          1
 Slow                     Hex            100%       N/A       1%          1
 Sting                    Tmut/Pois      100%       1d8       1%          1
 Summon Small Mammal      Summ           100%       N/A       1%          1
 Ensorcelled Hibernation  Hex/Ice        100%       N/A       1%          2
 Static Discharge         Conj/Air       57%        N/A       1%          2
 Sublimation of Blood     Necr           55%        N/A       1%          2
 Call Canine Familiar     Summ           55%        N/A       1%          3
 Inner Flame              Hex/Fire       55%        N/A       1%          3
 Summon Guardian Golem    Hex/Summ       55%        N/A       1%          3
 Cause Fear               Hex            27%        N/A       1%          4
 Petrify                  Tmut/Erth      55%        N/A       1%          4
 Iskenderun's Battlesphe  Conj           58%        2d11      3%          5
 Irradiate                Conj/Tmut      28%        3d22      4%          5
 Iron Shot                Conj/Erth      28%        9d6       22%         6
 Spellforged Servitor     Conj/Summ      28%        N/A       77%         7
 Enfeeble                 Hex            27%        N/A       83%         7
 Ozocubu's Refrigeration  Ice            27%        4d10      83%         7
 Discord                  Hex            27%        N/A       100%        8
 Ignition                 Fire           27%        3d9       100%        8


Dungeon Overview and Level Annotations

Branches:
Dungeon (12/15)            Temple (1/1) D:5            Lair (6/6) D:11
  Swamp (3/4) Lair:3       Spider (1/4) Lair:2        Slime (0/5) Lair:6
    Orc (2/2) D:10            Elf (0/3) Orc:2

Altars:
Ashenzari
Cheibriados
Dithmenos
Elyvilon
Fedhas
Gozag
Hepliaklqana
Kikubaaqudgha
Makhleb
Nemelex Xobeh
Okawaru
Qazlal
Ru
Sif Muna
Trog
Uskayaw
Vehumet
Wu Jian
Xom
Yredelemnul
Zin
The Shining One
Beogh
Ignis
Jiyva

Shops:
D:3 !*   D:11 =   Orc:2 *((=

Portals:
Trove: D:10 (give 13 scrolls of teleportation)

Annotations:
Swamp:2 Aizul


Innate Abilities, Weirdness & Mutations

You have very sharp teeth.
Your uncanny sense of smell can sniff out nearby items.
Your experience applies equally to all skills.
You have a pair of small antennae on your head.
Your muscles are strong. (Str +2)


Message History

The floor.
Okay, then.
As you read the scroll of fog, it crumbles to dust.
The scroll dissolves into smoke.
You are momentarily dazzled by a brilliant light.
The Shining One is no longer ready to bless your weapon.
You feel much better. Aizul casts a spell at you.
You fall asleep.
Your daeva calls down the wrath of the Shining One upon Aizul.
Aizul is smitten.
Aizul casts a spell at you. The bolt of poison hits you!!
You are poisoned.
You wake up.
* * * LOW HITPOINT WARNING * * *
You feel better.
Your daeva hits Aizul with a +5 scimitar of holy wrath!! x2
Okay, then.
As you read the scroll of fear, it crumbles to dust.
You assume a fearsome visage.
Aizul resists with almost no effort.
Aizul casts a spell at your daeva.
Your daeva resists with almost no effort.
Your daeva calls down the wrath of the Shining One upon Aizul.
Aizul is smitten.
Aizul hits your daeva!
You barely miss Aizul.
Aizul is almost dead.
Aizul hits you.
* * * LOW HITPOINT WARNING * * *
Your daeva calls down the wrath of the Shining One upon Aizul.
Aizul is smitten.
As you read the scroll of fear, it crumbles to dust.
You assume a fearsome visage.
Aizul resists with some effort.
Aizul hits you!
* * * LOW HITPOINT WARNING * * *
Your daeva calls down the wrath of the Shining One upon Aizul.
Aizul is smitten.
Aizul casts a spell at you.
You fall asleep.
Aizul hits you!!
You die...

♣♣.≈≈≈.♣ ♣....♣♣§≈≈≈≈♣♣.....
♣.≈♣..≈♣♣ ♣.≈§..♣.≈...≈♣♣§.≈≈
♣♣.♣.♣..♣ ♣≈≈≈≈.≈..≈≈≈≈♣♣♣§§.
♣.§≈..≈♣♣ ♣.♣§..≈...♣≈.♣♣.≈..
♣.≈≈.≈≈.♣♣ ♣.≈≈≈..≈≈.≈≈.♣♣♣≈≈≈
♣.≈≈.≈.≈≈♣ ♣...≈....≈.≈..♣♣♣≈.
♣.♣...≈≈.♣ ♣♣§§§....≈≈≈≈≈♣♣♣♣.
♣...♣..≈≈♣♣ ♣§§§§.>≈≈≈≈≈.♣.≈≈.
♣..♣♣♣...≈♣ ♣@A§♣≈......≈.≈≈♣<
♣♣..♣ ♣♣.♣≈♣
♣§S§§≈.≈≈≈≈≈♣.≈..≈ ♣♣≈.♣♣
♣.≈≈♣♣♣§§§§≈...≈......♣♣
♣.≈§♣♣
♣♣.≈.♣♣§♣§♣.≈≈≈≈≈≈≈..♣♣♣
♣♣..≈.♣ ♣♣..♣♣.♣S....≈♣≈≈≈≈♣♣
♣
♣...≈.♣♣♣♣♣♣..♣♣≈..♣♣♣...≈≈≈♣♣
♣
♣..♣♣......♣..♣.♣..♣♣♣♣.....♣♣
♣ ..♣♣♣.......♣.≈≈♣...♣
♣≈♣..≈≈♣ .♣♣ ♣♣..♣♣≈≈....♣♣.>♣
♣♣....♣♣


You could see Aizul (ally target) and a friendly daeva (summoned).

Vanquished Creatures
  Gastronok (D:8)
  2 emperor scorpions (Spider:1)
  2 broodmothers (Spider:1)
  A dire elephant (Lair:6)
  The ghost of MrShunz the Eclecticist, a journeyman DECj of Ashenzari (Lair:6)
  A bunyip (Swamp:1)
  Fannar (D:10)
  Erolcha (D:10)
  A ghost crab (Swamp:2)
  2 catoblepae
  13 hydras
  4 two-headed ogres
  3 boulder beetles
  3 death yaks (Lair:6)
  An orc high priest (Orc:2)
  A death scarab (Spider:1)
  5 alligators
  A fire crab (Lair:4)
  3 goliath frogs
  4 spriggans
  Amaemon (D:8)
  A pharaoh ant (Spider:1)
  2 steelbarb worms (Spider:1)
  A swamp dragon (Swamp:2)
  2 bog bodies (Swamp:1)
  4 orc sorcerers (Orc:2)
  4 wolf spiders
  An ugly thing (D:12)
  5 cyclopes
  3 manticores (D:11)
  Joseph (D:8)
  12 black mambas
  Maurice (D:11)
  A guardian serpent (Lair:6)
  18 elephants
  An orange demon (D:8)
  Maggie (D:10)
  18 cane toads
  A torpor snail (Spider:1)
  2 rime drakes
  A demonic crawler (Spider:1)
  11 komodo dragons
  9 trolls
  A meliai (Lair:2)
  8 hornets
  A bloated husk (Swamp:3)
  13 polar bears
  3 tyrant leeches
  3 slime creatures (D:12)
  17 blink frogs
  5 tarantellas (Spider:1)
  5 dream sheep (Lair:6)
  2 raiju (Lair:6)
  8 jumping spiders (Spider:1)
  3 shadows
  3 culicivoras (Spider:1)
  Sigmund (D:3)
  48 yaks
  2 vampires
  15 wyverns
  18 fire elementals
  A basilisk (Lair:3)
  8 redbacks
  A steam dragon (D:9)
  Grum (D:11)
  2 vampire mosquitoes (Swamp:1)
  7 wargs
  9 swamp worms
  An acid dragon (D:11)
  15 hell hounds (Lair:6)
  33 water moccasins
  The ghost of mcvcxcn the Vexing, an amateur SpEn (D:4)
  5 ice beasts
  20 orc warriors
  A swamp drake (Lair:3)
  11 black bears (Lair:6)
  2 sky beasts
  16 wolves
  7 ogres
  7 centaurs
  A kobold brigand (D:8)
  12 bullfrogs
  3 phantoms
  A gnoll sergeant (D:8)
  7 scorpions
  2 necrophages (D:6)
  7 killer bees (Lair:2)
  2 howler monkeys
  2 electric eels (D:8)
  A jelly (D:8)
  26 orc priests
  A hound (D:6)
  Natasha (thrice) (D:2)
  7 iguanas
  30 orc wizards
  Ijyb (D:3)
  5 hell rats (Lair:6)
  Robin (D:3)
  10 gnolls
  6 river rats (D:9)
  9 adders
  3 ufetubi
  A dart slug (D:1)
  80 orcs
  6 ball pythons
  7 bats
  5 endoplasms
  4 giant cockroaches
  15 goblins
  6 hobgoblins
  4 jackals (D:4)
  9 kobolds
  2 quokkas (D:2)
  3 frilled lizards (D:2)
  18 rats
756 creatures vanquished.

Vanquished Creatures (collateral kills)
  An iguana (D:5)
1 creature vanquished.

Vanquished Creatures (others)
  An alligator (Swamp:3)
  A bloated husk (Swamp:2)
  A tyrant leech (Swamp:3)
  A bush (Lair:6)
  28 foxfires (D:7)
  36 fungi
  131 plants
199 creatures vanquished.

Grand Total: 956 creatures vanquished

Notes
Turn   | Place    | Note
-------+----------+-------------------------------------------
     0 | D:1      | Dabor the Gnoll Wanderer began the quest for the Orb.
     0 | D:1      | Dabor set off with the following items: a +0 dagger, 10
                  | poisoned darts, a potion of lignification, a potion of
                  | attraction, a +0 robe; and the following spell memorised:
                  | Magic Dart; and the following spells available to memorise:
                  | Static Discharge, Iskenderun's Mystic Blast
     0 | D:1      | Reached XP level 1. HP: 23/23 MP: 6/6
   473 | D:1      | Found a faded altar of an unknown god.
   476 | D:1      | Reached XP level 2. HP: 29/29 MP: 5/7
   490 | D:1      | Prayed at the altar of an unknown god.
   490 | D:1      | Became a worshipper of Ignis, the Dying Flame
   955 | D:2      | Reached skill level 5 in Spellcasting
   955 | D:2      | Reached XP level 3. HP: 31/35 MP: 0/9
  1358 | D:2      | Reached skill level 1 in Invocations
  1807 | D:2      | Found the +7 Throatcutter {drain, coup de grace}
  1815 | D:2      | Reached skill level 1 in Short Blades
  1815 | D:2      | Reached skill level 1 in Long Blades
  1815 | D:2      | Reached skill level 1 in Axes
  1815 | D:2      | Reached skill level 1 in Maces & Flails
  1815 | D:2      | Reached skill level 1 in Polearms
  1815 | D:2      | Reached skill level 1 in Staves
  1815 | D:2      | Reached skill level 1 in Slings
  1815 | D:2      | Reached skill level 1 in Bows
  1815 | D:2      | Reached skill level 1 in Crossbows
  1815 | D:2      | Reached skill level 1 in Dodging
  1815 | D:2      | Reached skill level 1 in Stealth
  1815 | D:2      | Reached skill level 1 in Shields
  1815 | D:2      | Reached skill level 1 in Unarmed Combat
  1815 | D:2      | Reached skill level 1 in Evocations
  1950 | D:2      | Reached XP level 4. HP: 41/41 MP: 11/11
  1962 | D:2      | Noticed Natasha
  1964 | D:2      | Killed Natasha
  2054 | D:2      | Noticed Natasha
  2057 | D:2      | Killed Natasha
  2058 | D:2      | Reached skill level 1 in Hexes
  2058 | D:2      | Reached skill level 1 in Summonings
  2058 | D:2      | Reached skill level 1 in Necromancy
  2058 | D:2      | Reached skill level 1 in Translocations
  2058 | D:2      | Reached skill level 1 in Transmutations
  2058 | D:2      | Reached skill level 1 in Fire Magic
  2058 | D:2      | Reached skill level 1 in Ice Magic
  2058 | D:2      | Reached skill level 1 in Air Magic
  2058 | D:2      | Reached skill level 1 in Earth Magic
  2058 | D:2      | Reached skill level 1 in Poison Magic
  2064 | D:2      | Noticed Natasha
  2070 | D:2      | Killed Natasha
  2071 | D:2      | Reached XP level 5. HP: 38/47 MP: 9/12
  2279 | D:3      | Noticed Robin
  2414 | D:3      | Killed Robin
  2516 | D:3      | Identified the +8 spear "Ziro Agg" {flame, rF++ rC+}
  2518 | D:3      | Noticed Ijyb
  2520 | D:3      | Noticed Sigmund
  2532 | D:3      | Killed Ijyb
  2550 | D:3      | Reached XP level 6. HP: 28/53 MP: 6/13
  2557 | D:3      | Killed Sigmund
  2558 | D:3      | Reached skill level 2 in Crossbows
  2558 | D:3      | Reached skill level 5 in Throwing
  2759 | D:3      | Found an iron altar of Okawaru.
  2828 | D:3      | Found a shadowy altar of Dithmenos.
  3127 | D:3      | Found Loeciuguwn's Assorted Antiques.
  3132 | D:3      | Reached XP level 7. HP: 59/59 MP: 11/15
  3184 | D:3      | Bought a fuming coppery potion for 27 gold pieces
  3184 | D:3      | Bought a scroll labelled SIUCOM YZIURAPH for 30 gold pieces
  3390 | D:3      | Found Huovep's Distillery.
  3976 | D:4      | Found a broken altar of Ashenzari.
  4108 | D:4      | Found a runed translucent door.
  4108 | D:4      | Noticed mcvcxcn's ghost (amateur SpEn)
  4204 | D:4      | Found a snail-covered altar of Cheibriados.
  4443 | D:4      | Reached XP level 8. HP: 67/67 MP: 16/16
  4632 | D:4      | Killed mcvcxcn's ghost
  4633 | D:4      | Reached skill level 3 in Crossbows
  4992 | D:5      | Entered Level 5 of the Dungeon
  5484 | D:5      | Reached skill level 5 in Conjurations
  5484 | D:5      | Reached XP level 9. HP: 63/72 MP: 18/18
  5588 | D:5      | Found a staircase to the Ecumenical Temple.
  5848 | D:6      | Found a burning altar of Makhleb.
  5981 | D:6      | Learned a level 3 spell: Confusing Touch
  5986 | D:6      | Reached skill level 4 in Crossbows
  6066 | D:6      | Found an ancient bone altar of Kikubaaqudgha.
  6319 | D:6      | Reached skill level 5 in Armour
  6441 | D:6      | Found a shimmering blue altar of Sif Muna.
  6651 | D:6      | Got Sif Muna's Handbook of Sinister Magic
  6653 | D:6      | Got Sif Muna's Collected Works on Envenoming
  6656 | D:6      | Got Sif Muna's Collected Works on Beguiling
  6799 | D:3      | Bought a heavily runed granite ring for 150 gold pieces
  6799 | D:3      | Identified the ring "Quuhinot" {Will+ Dex+3} (You bought it
                  | in a shop on level 3 of the Dungeon)
  6839 | D:5      | Learned a level 4 spell: Iskenderun's Mystic Blast
  6937 | D:7      | Reached skill level 5 in Invocations
  7157 | D:7      | Learned a level 4 spell: Cause Fear
  7214 | D:7      | Found a radiant altar of Vehumet.
  7238 | D:7      | Reached XP level 10. HP: 80/80 MP: 20/20
  7287 | D:7      | Found a blossoming altar of Fedhas.
  7446 | D:7      | Found a sparkling altar of Nemelex Xobeh.
  7451 | D:7      | Reached skill level 5 in Short Blades
  7451 | D:7      | Reached skill level 5 in Long Blades
  7451 | D:7      | Reached skill level 5 in Axes
  7451 | D:7      | Reached skill level 5 in Maces & Flails
  7451 | D:7      | Reached skill level 5 in Polearms
  7451 | D:7      | Reached skill level 5 in Staves
  7451 | D:7      | Reached skill level 5 in Slings
  7451 | D:7      | Reached skill level 5 in Bows
  7451 | D:7      | Reached skill level 5 in Crossbows
  7451 | D:7      | Reached skill level 5 in Dodging
  7451 | D:7      | Reached skill level 5 in Stealth
  7451 | D:7      | Reached skill level 5 in Shields
  7451 | D:7      | Reached skill level 5 in Unarmed Combat
  7451 | D:7      | Reached skill level 5 in Evocations
  8426 | D:8      | Found a shimmering altar of Xom.
  8632 | D:8      | Noticed Amaemon
  8640 | D:8      | Noticed an orange demon
  8642 | D:8      | Gained mutation: You are agile. (Dex +2) [potion of
                  | mutation]
  8642 | D:8      | Gained mutation: You are frail. (-10% HP) [potion of
                  | mutation]
  8644 | D:8      | Noticed Joseph
  8655 | D:8      | Killed Amaemon
  8657 | D:8      | Noticed Gastronok
  8663 | D:8      | Noticed a five-headed hydra
  8671 | D:8      | Killed a five-headed hydra
  8936 | D:8      | Killed Gastronok
  8937 | D:8      | Reached XP level 11. HP: 64/78 MP: 22/22
  9056 | D:8      | Found an ornate altar of the Wu Jian Council.
  9155 | D:8      | Reached skill level 6 in Crossbows
  9170 | D:8      | Reached skill level 5 in Hexes
  9170 | D:8      | Reached skill level 5 in Summonings
  9170 | D:8      | Reached skill level 5 in Necromancy
  9170 | D:8      | Reached skill level 5 in Translocations
  9170 | D:8      | Reached skill level 5 in Transmutations
  9170 | D:8      | Reached skill level 5 in Fire Magic
  9170 | D:8      | Reached skill level 5 in Ice Magic
  9170 | D:8      | Reached skill level 5 in Air Magic
  9170 | D:8      | Reached skill level 5 in Earth Magic
  9170 | D:8      | Reached skill level 5 in Poison Magic
  9217 | D:8      | Found a bloodstained altar of Trog.
  9386 | D:8      | Killed Joseph
 10447 | D:8      | Lost mutation: You are agile. (Dex +2) [potion of mutation]
 10447 | D:8      | Lost mutation: You are frail. (-10% HP) [potion of
                  | mutation]
 10447 | D:8      | Gained mutation: Your muscles are strong. (Str +2) [potion
                  | of mutation]
 10447 | D:8      | Gained mutation: You have a pair of small antennae on your
                  | head. [potion of mutation]
 10775 | D:9      | Noticed a two-headed ogre
 10789 | D:9      | Killed a two-headed ogre
 12120 | D:10     | Entered Level 10 of the Dungeon
 12120 | D:10     | Noticed Maggie
 12137 | D:10     | Killed Maggie
 12290 | D:10     | Noticed a two-headed ogre
 12308 | D:10     | Killed a two-headed ogre
 12309 | D:10     | Reached skill level 7 in Crossbows
 12582 | D:10     | Noticed Fannar
 12608 | D:10     | Killed Fannar
 13066 | D:10     | Reached XP level 12. HP: 95/96 MP: 20/24
 13146 | D:10     | Noticed Erolcha
 13259 | D:10     | Killed Erolcha
 13788 | D:10     | Found a staircase to the Orcish Mines.
 13999 | D:10     | Found a portal to a secret trove of treasure.
 14186 | D:11     | Found Paarikat's Jewellery Boutique.
 14199 | D:11     | Noticed a four-headed hydra
 14213 | D:11     | Killed a four-headed hydra
 14214 | D:11     | Reached skill level 8 in Crossbows
 14232 | D:11     | Noticed Grum
 14294 | D:11     | Killed Grum
 14447 | D:11     | Noticed a five-headed hydra
 14455 | D:11     | Killed a five-headed hydra
 14641 | Temple   | Entered the Ecumenical Temple
 14781 | Temple   | Learned a level 3 spell: Swiftness
 14786 | Temple   | Learned a level 4 spell: Olgreb's Toxic Radiance
 14792 | Temple   | Learned a level 5 spell: Yara's Violent Unravelling
 14797 | Temple   | Fell from the grace of Ignis
 14797 | Temple   | Became a worshipper of the Shining One
 15128 | D:11     | Noticed Maurice
 15142 | D:11     | Killed Maurice
 15254 | D:11     | Found a staircase to the Lair.
 15461 | D:11     | Reached skill level 10 in Fighting
 16158 | D:11     | You fall into a shaft and drop 1 floor!
 16489 | D:12     | HP: 4/97 [fire elemental[the fiery vengeance of Ignis] (8)]
 16823 | D:12     | Identified the +5 dagger of the Hierophant {pain, *Rage
                  | +Blink rElec Int+2}
 16913 | D:12     | Noticed a two-headed ogre
 16923 | D:12     | Killed a two-headed ogre
 17693 | D:12     | Reached skill level 9 in Crossbows
 18234 | D:12     | Was forgiven by Ignis
 18402 | D:12     | Noticed a two-headed ogre
 18416 | D:12     | Killed a two-headed ogre
 18417 | D:12     | Reached XP level 13. HP: 95/103 MP: 9/26
 19018 | Orc:1    | Entered Level 1 of the Orcish Mines
 19190 | Orc:1    | You fall into a shaft and drop 1 floor!
 19190 | Orc:2    | Entered Level 2 of the Orcish Mines
 19240 | Orc:2    | Reached * piety under the Shining One
 19768 | Orc:2    | Paralysed by an orc sorcerer for 7 turns
 21383 | Orc:1    | Reached ** piety under the Shining One
 21732 | Orc:2    | Found Nuhevoba's Jewellery Shoppe.
 21732 | Orc:2    | Found Heeruag's Weapon Shoppe.
 21734 | Orc:2    | Found Xochent's General Store.
 21738 | Orc:2    | Found Vunall's Antique Weapon Emporium.
 21790 | D:11     | Bought the ring of Bunycuz {rC+ Int+7 Stlth+} for 643 gold
                  | pieces
 21834 | Orc:2    | Reached skill level 10 in Crossbows
 22119 | Orc:2    | Found a staircase to the Elven Halls.
 22600 | Lair:1   | Entered Level 1 of the Lair of Beasts
 23355 | Lair:1   | Reached skill level 10 in Spellcasting
 23561 | Lair:1   | Learned a level 2 spell: Passwall
 24190 | Lair:2   | Found a hole to the Spider Nest.
 25500 | Lair:3   | Reached skill level 10 in Throwing
 25500 | Lair:3   | Reached XP level 14. HP: 64/113 MP: 10/28
 25862 | Lair:3   | Found a staircase to the Swamp.
 26437 | Lair:3   | Reached *** piety under the Shining One
 26445 | Lair:3   | Reached skill level 11 in Crossbows
 27485 | Lair:4   | Reached skill level 10 in Invocations
 30639 | Lair:6   | Entered Level 6 of the Lair of Beasts
 31021 | Lair:6   | Reached skill level 10 in Armour
 31418 | Lair:6   | Reached skill level 12 in Crossbows
 31425 | Lair:6   | Reached **** piety under the Shining One
 31683 | Lair:6   | Reached XP level 15. HP: 118/120 MP: 4/29
 32429 | Lair:6   | Reached skill level 10 in Short Blades
 32429 | Lair:6   | Reached skill level 10 in Long Blades
 32429 | Lair:6   | Reached skill level 10 in Axes
 32429 | Lair:6   | Reached skill level 10 in Maces & Flails
 32429 | Lair:6   | Reached skill level 10 in Polearms
 32429 | Lair:6   | Reached skill level 10 in Staves
 32429 | Lair:6   | Reached skill level 10 in Slings
 32429 | Lair:6   | Reached skill level 10 in Bows
 32429 | Lair:6   | Reached skill level 10 in Dodging
 32429 | Lair:6   | Reached skill level 10 in Stealth
 32429 | Lair:6   | Reached skill level 10 in Shields
 32429 | Lair:6   | Reached skill level 10 in Unarmed Combat
 32429 | Lair:6   | Reached skill level 10 in Evocations
 32717 | Lair:6   | Found a staircase to the Slime Pits.
 32717 | Lair:6   | Found a viscous altar of Jiyva.
 32764 | Lair:6   | Identified the +1 scale mail of Beogh's Regard {Dex+3}
 32956 | Lair:6   | Found a transporter.
 32964 | Lair:6   | Found a transporter.
 32968 | Lair:6   | Noticed MrShunz's ghost (journeyman DECj)
 33108 | Lair:6   | Reached ***** piety under the Shining One
 33765 | Lair:6   | Learned a level 5 spell: Alistair's Intoxication
 34166 | Lair:6   | Reached skill level 13 in Crossbows
 34172 | Lair:6   | Killed MrShunz's ghost
 34358 | Spider:1 | Entered Level 1 of the Spider Nest
 34363 | Spider:1 | Noticed an emperor scorpion
 34406 | Spider:1 | Killed an emperor scorpion
 34476 | Spider:1 | Noticed an emperor scorpion
 34837 | Spider:1 | Killed an emperor scorpion
 35662 | Spider:1 | Reached XP level 16. HP: 109/128 MP: 17/31
 36272 | Swamp:1  | Entered Level 1 of the Swamp
 36476 | Orc:2    | Bought a translucent broad axe for 315 gold pieces
 36476 | Orc:2    | Identified the +9 broad axe of Valiance {protect, Str+3}
                  | (You bought it in a shop on level 2 of the Orcish Mines)
 37054 | Swamp:1  | Identified a scroll of acquirement
 37066 | Swamp:1  | Acquired the ring "Jyziep" {rCorr Str+4 SInv}
 37281 | Swamp:1  | Identified the +1 ring mail of Buemea {Rampage rElec rCorr
                  | Int-3}
 38750 | Swamp:3  | Noticed Aizul
 38811 | Swamp:3  | Reached ****** piety under the Shining One
 38812 | Swamp:3  | Reached skill level 10 in Conjurations
 38829 | Swamp:2  | Demolished by Aizul

Illustrated notes

Levels and vault maps discovered:
D:1:      dpeg_arrival_chambers_temple_mockup, layout_rooms,
          basic_ecumenical_altar, corexii_hall_statues_l
D:2:      layout_basic, kennysheep_nondescript, uniq_natasha
D:3:      layout_basic, mainiacjoe_overflow_24_doors, okawaru_ov_weapons_minmay,
          serial_shops, nicolae_shop_hallway_stairs, nicolae_shop_trees,
          uniq_sigmund, uniq_ijyb, uniq_robin
D:4:      layout_loops_ring, mainiacjoe_overflow_chevrons,
          mainiacjoe_overflow_tiny_flanked, hellmonk_ghost_happy_afterlife,
          kennysheep_donut, kennysheep_generic_room_4
D:5:      layout_cave_pools, minmay_temple_entry_grid, serial_park,
          serial_park_tiny_pond, serial_park_gazebo
          [serial_park_minivault_5x5_6], serial_park_tiny_2,
          serial_park_tiny_pond
D:6:      layout_rooms, mainiacjoe_overflow_boulevard,
          nicolae_sif_muna_little_library, amcnicky_altar_gilded
D:7:      layout_rooms, nemelex_altar_shiori, nicolae_vehumet_radiance,
          marbit_many_paths, minmay_quadrilaterals
D:8:      layout_loops_ring, lemuel_doored_altar,
          mainiacjoe_overflow_surrounded_room, mainiacjoe_overflow_alcove_4,
          nicolae_water_bricks, fountainhead, minmay_manual_mandibuliform,
          uniq_gastronok, uniq_amaemon, uniq_joseph
D:9:      layout_stronghold, dk_rats_in_the_wall
D:10:     layout_basic, david_orc_3, enter_trove_1, serial_glass,
          glass_columns_b, glass_columns_b, uniq_erolcha, uniq_maggie,
          uniq_fannar
D:11:     layout_long_grid, david_lair_shrubbed, serial_shops,
          nicolae_shop_hallway_stairs, uniq_grum, uniq_maurice
D:12:     nicolae_whirlpool, layout_irregular_city
Temple:   nicolae_temple_figure_zero
Lair:1:   layout_cave_pods
Lair:2:   layout_cave_pods, hellmonk_spider_entry_not_the_bees
Lair:3:   layout_hall_layers, palyth_hydra_swamp_entry, hibernation_bobbens,
          serial_bayou_shore_b
Lair:4:   layout_cave_pods
Lair:5:   layout_layer_cave
Lair:6:   hangedman_lair_caniforms_friends, layout_regular_city,
          hangedman_lair_tendril_chambers, slime_altar_1, gammafunk_ghost_arena
Swamp:1:  layout_basic_swamp, nicolae_swamp_treefoil, swamp_pool1
Swamp:2:  layout_falls_marsh, hangedman_swamp_lotus
Swamp:3:  layout_falls_marsh, hangedman_swamp_ruin_wall, uniq_aizul
Spider:1: layout_spider_delve, nicolae_spider_bug_shape
Orc:1:    layout_caves, basic_altar, nicolae_orc_tapped_out
Orc:2:    st_orc_mages, layout_caves

Skill      XL: |  1  2  3  4  5  6  7  8  9 10 11 12 13 14 15 16 |
---------------+-------------------------------------------------+-----
Spellcasting   | 5 6 7 8 9 10 11 | 11.9
Invocations    | 1 2 3 4 5 6 7 8 9 10 11 | 11.8
Short Blades   | 1 2 3 4 5 6 7 8 9 10 | 10.9
Long Blades    | 1 2 3 4 5 6 7 8 9 10 | 10.9
Axes           | 1 2 3 4 5 6 7 8 9 10 | 10.9
Maces & Flails | 1 2 3 4 5 6 7 8 9 10 | 10.9
Polearms       | 1 2 3 4 5 6 7 8 9 10 | 10.9
Staves         | 1 2 3 4 5 6 7 8 9 10 | 10.9
Slings         | 1 2 3 4 5 6 7 8 9 10 | 10.9
Bows           | 1 2 3 4 5 6 7 8 9 10 | 10.9
Crossbows      | 1 2 3 4 5 7 9 10 12 13 | 13.9
Dodging        | 1 2 3 4 5 6 7 8 9 10 | 10.9
Stealth        | 1 2 3 4 5 6 7 8 9 10 | 10.9
Shields        | 1 2 3 4 5 6 7 8 9 10 | 10.9
Unarmed Combat | 1 2 3 4 5 6 7 8 9 10 | 10.9
Evocations     | 1 2 3 4 5 6 7 8 9 10 | 10.9
Hexes          | 1 2 3 4 5 6 7 8 9 |  9.1
Summonings     | 1 2 3 4 5 6 7 8 9 |  9.1
Necromancy     | 1 2 3 4 5 6 7 8 9 |  9.1
Translocations | 1 2 3 4 5 6 7 8 9 |  9.1
Transmutations | 1 2 3 4 5 6 7 8 9 |  9.1
Fire Magic     | 1 2 3 4 5 6 7 8 9 |  9.1
Ice Magic      | 1 2 3 4 5 6 7 8 9 |  9.1
Air Magic      | 1 2 3 4 5 6 7 8 9 |  9.1
Earth Magic    | 1 2 3 4 5 6 7 8 9 |  9.1
Poison Magic   | 1 2 3 4 5 6 7 8 9 |  9.1
Armour         | 3 4 5 6 7 8 9 10 11 | 11.2
Conjurations   | 4 5 6 7 8 9 10 | 10.0
Throwing       | 5 6 7 8 9 10 11 | 11.8
Fighting       | 7 8 9 10 11 12 | 12.6

Action                   |  1- 3 |  4- 6 |  7- 9 | 10-12 | 13-15 | 16-18 || total
-------------------------+-------+-------+-------+-------+-------+-------++-------
Melee: Dagger            |    14 |       |       |       |       |       ||    14
       Long sword        |    11 |    45 |    42 |    32 |       |       ||   130
       Bite              |     1 |       |    30 |    80 |   185 |    15 ||   311
       Spear             |       |    21 |   234 |   632 |  1026 |    19 ||  1932
       Punch             |       |       |     1 |       |       |       ||     1
       Staff             |       |       |       |       |   124 |       ||   124
       Broad axe         |       |       |       |       |       |    81 ||    81
Throw: Dart              |     2 |    10 |     3 |    83 |    49 |     2 ||   149
 Cast: Magic Dart        |    57 |    19 |    28 |   106 |    75 |     3 ||   288
       Confusing Touch   |       |       |     3 |     4 |    13 |     1 ||    21
       Cause Fear        |       |       |       |     5 |     7 |       ||    12
       Iskenderun's Myst |       |       |       |    50 |    80 |    13 ||   143
       Swiftness         |       |       |       |     2 |     3 |     1 ||     6
       Olgreb's Toxic Ra |       |       |       |       |   202 |    55 ||   257
       Yara's Violent Un |       |       |       |       |       |     1 ||     1
Invok: Fiery Armour      |       |     1 |     1 |     5 |       |       ||     7
       Foxfire Swarm     |       |       |       |     3 |       |       ||     3
       Divine Shield     |       |       |       |       |     3 |     1 ||     4
       Summon Divine War |       |       |       |       |       |     2 ||     2
Evoke: Wand              |       |       |     3 |    12 |    45 |     7 ||    67
  Use: Potion            |       |     3 |       |    17 |     3 |     5 ||    28
       Scroll            |       |     1 |     9 |    11 |     9 |     7 ||    37
 Stab: Sleeping          |     1 |     1 |     4 |     4 |       |       ||    10
       Confused          |       |       |     1 |     3 |       |       ||     4
       Fleeing           |       |       |       |     1 |       |       ||     1
       Distracted        |       |       |       |     1 |       |       ||     1
Armor: Robe              |    13 |    20 |    18 |       |       |       ||    51
       Skin              |       |    14 |       |       |       |       ||    14
       Leather armour    |       |       |    35 |    31 |       |       ||    66
       Acid dragon scale |       |       |       |   132 |    68 |       ||   200
       Ring mail         |       |       |       |       |   241 |    68 ||   309
Dodge: Dodged            |    27 |    50 |   121 |   268 |   474 |    90 ||  1030
Block: Buckler           |       |       |    29 |   108 |   302 |    55 ||   494

Table legend: (Time is in decaauts)
 A = Elapsed time spent in this place.
 B = Non-inter-level travel time spent in this place.
 C = Inter-level travel time spent in this place.
 D = Time resting spent in this place.
 E = Time spent auto-exploring this place.
 F = Levels seen in this place.
 G = Mean time per level.
                   A        B        C        D        E       F      G
               +--------+--------+--------+--------+--------+-----+--------+
         Total |  38544 |  35633 |   2911 |  10577 |  19049 |  25 | 1541.8 |
       Dungeon |  19262 |  17790 |   1472 |   5249 |   9630 |  12 | 1605.2 |
        Temple |    169 |    129 |     40 |      0 |    112 |   1 |  169.0 |
          Lair |  11919 |  10982 |    937 |   2640 |   6539 |   6 | 1986.5 |
         Swamp |   2268 |   2097 |    171 |    878 |    779 |   3 |  756.0 |
   Spider Nest |   1452 |   1358 |     94 |    754 |    318 |   1 | 1452.0 |
  Orcish Mines |   3473 |   3280 |    193 |   1056 |   1670 |   2 | 1736.5 |
               +--------+--------+--------+--------+--------+-----+--------+

Top non-repeatable levels by time:
  Lair:6: 3325 daAuts
     D:8: 2602 daAuts
    D:12: 2576 daAuts
   Orc:2: 2517 daAuts
     D:9: 2352 daAuts
  Lair:3: 2091 daAuts
  Lair:5: 2070 daAuts
    D:11: 2069 daAuts
  Lair:1: 1575 daAuts
     D:3: 1571 daAuts
 Swamp:2: 1548 daAuts
  Lair:2: 1525 daAuts
     D:2: 1524 daAuts
    D:10: 1470 daAuts
Spider:1: 1452 daAuts
